 Dungeon Crawl Stone Soup version 0.19-a0-1697-g0595f0e (webtiles) character file.

2633 dvd the Tainter (level 9, -3/48 HPs)
             Began as an Octopode Venom Mage on Sept 26, 2016.
             Was an Elder of Hepliaklqana.
             Slain by Charly's ghost (15 damage)
             ... on level 7 of the Dungeon.
             The game lasted 00:24:00 (7546 turns).

dvd the Tainter (Octopode Venom Mage)               Turns: 7546, Time: 00:24:01

Health: -3/48      AC:  2    Str:  7    XL:     9   Next: 61%
Magic:  19/19      EV: 14    Int: 20    God:    Hepliaklqana [****..]
Gold:   279        SH:  0    Dex: 13    Spells: 3 memorised, 11 levels left

rFire  . . .     SeeInvis .     q - +3 whip (elec)
rCold  + . .     Gourm    .     (no shield)
rNeg   . . .     Faith    .     (helmet restricted)
rPois  .         Spirit   .     (no amulet)
rElec  .         Dismiss  .     h - ring of resist corrosion
rCorr  +         Reflect  .     B - ring of protection from cold
MR     .....     Harm     .     A - ring of stealth
Stlth  +++++.....               (no ring)
                                (no ring)
                                (no ring)
                                (no ring)
                                (no ring)

@: no status effects
A: almost no armour, stealthy swim, amphibious, 8 rings, constrict 8, reduced
essence, camouflage 1, gelatinous body 1
a: Recall Ancestor, Ancestor Identity, Transference, Idealise, Renounce Religion


You were on level 7 of the Dungeon.
You worshipped Hepliaklqana.
Hepliaklqana was greatly pleased with you.
You were not hungry.

You visited 2 branches of the dungeon, and saw 9 of its levels.

You collected 279 gold pieces.

Inventory:

Hand Weapons
 q - a +3 whip of electrocution (weapon)
 w - a +0 dagger of venom
Missiles
 n - 3 javelins (quivered)
 s - 4 tomahawks of returning
 G - 5 tomahawks
Armour
 u - a +2 shield
Jewellery
 h - a ring of resist corrosion (left tentacle)
 A - a ring of stealth (on tentacle)
 B - a ring of protection from cold (right tentacle)
Wands
 f - a wand of digging (6/24)
 r - a wand of acid (11/15)
Scrolls
 c - 2 scrolls of enchant armour {unknown}
 e - 10 scrolls of identify
 p - a scroll of immolation {unknown}
 x - a scroll of remove curse
Potions
 d - 2 potions of lignification {unknown}
 g - 2 potions of mutation {unknown}
 i - a potion of beneficial mutation {unknown}
 j - 3 potions of curing
 m - a potion of heal wounds {unknown}
 v - a potion of cancellation {unknown}
 z - a potion of resistance {unknown}
 D - a potion of flight {unknown}
 E - a potion of haste {unknown}
Books
 a - a Young Poisoner's Handbook

   Spells                             Type                      Level
   a - Sting                          Conjuration/Poison           1
   b - Mephitic Cloud                 Conjuration/Poison/Air       3
   c - Olgreb's Toxic Radiance        Poison                       4
   d - Alistair's Intoxication        Transmutation/Poison         5
   e - Venom Bolt                     Conjuration/Poison           5
Comestibles
 b - 4 bread rations
 k - a slice of pizza
 l - 12 fruits
 t - a meat ration
 C - a royal jelly


   Skills:
 + Level 1.8 Fighting
 + Level 1.9 Short Blades
 + Level 1.7 Maces & Flails
 + Level 2.9 Dodging
 + Level 5.5 Stealth
 * Level 4.7 Shields
 + Level 0.2 Unarmed Combat
 + Level 6.9 Spellcasting
 + Level 3.7 Conjurations
 + Level 9.0 Poison Magic


You had 11 spell levels left.
You knew the following spells:

 Your Spells              Type           Power        Failure   Level  Hunger
a - Sting                 Conj/Pois      ####         1%          1    None
b - Olgreb's Toxic Radia  Pois           #####...     2%          4    ###....
c - Venom Bolt            Conj/Pois      ####......   21%         5    #####..


Dungeon Overview and Level Annotations

Branches:
Dungeon (8/15)             Temple (1/1) D:5
   Lair: D:8-11

Altars:
Ashenzari
Cheibriados
Dithmenos
Elyvilon
Fedhas
Gozag
Hepliaklqana
Kikubaaqudgha
Makhleb
Nemelex Xobeh
Okawaru
Qazlal
Ru
Sif Muna
Trog
Uskayaw
Vehumet
Xom
Yredelemnul
Zin

Shops:
D:4 :

Annotations:
D:7 Charly's ghost, novice HuAs


Innate Abilities, Weirdness & Mutations

You cannot wear most types of armour.
You are very stealthy in the water.
You are amphibious.
You can wear up to eight rings at the same time.
You can use your tentacles to constrict eight enemies at once.
Your skin changes colour to match your surroundings (Stealth+).
Your rubbery body absorbs attacks. (AC +1, EV +1)
Your life essence is reduced. (-10% HP)


Message History

There is a sudden explosion of sparks!
Charly's ghost is severely damaged.
Charly's ghost misses you.
Tlalli completely misses Charly's ghost.
The crimson imp barely misses you.
You hit Charly's ghost but do no damage.
Your squeeze misses Charly's ghost.
Charly's ghost is severely damaged.
Charly's ghost hits you.
* * * LOW HITPOINT WARNING * * *
Tlalli hits Charly's ghost with a flail!
The crimson imp closely misses you.
Press: ? - help, v - describe, . - travel
Here: Charly's ghost (almost destroyed)
The floor.
Unknown command.
You closely miss Charly's ghost.
Charly's ghost is almost destroyed.
Charly's ghost hits you!
You die...

.# #.#.......#.##....##
.#####...................
.........................
####...#.................
+...+.................
#...#.......#########.
#...############### #####
#.......# #..@R...#
#..$...W5...'...
#...........####
#......####.... #......
.### #...... .. #......
### #......


You could see the friendly Tlalli the knight, Charly's ghost and a crimson imp.

Vanquished Creatures
  Pikel (D:5)
  Prince Ribbit (D:6)
  3 slaves (D:5)
  2 ogres
  A centaur (D:7)
  Blork the orc (D:4)
  3 howler monkeys (D:8)
  4 crimson imps
  A bullfrog zombie (D:6)
  An orc priest (D:8)
  4 hounds
  3 orc wizards
  A jelly (D:8)
  A bullfrog skeleton (D:4)
  9 worker ants
  8 adders
  An ooze (D:1)
  A worm (D:4)
  3 dart slugs
  4 leopard geckos
  24 orcs
  3 giant cockroaches
  16 hobgoblins
  15 jackals
  6 kobolds
  2 quokkas
  3 ball pythons
  8 bats
  8 frilled lizards
  11 goblins
  7 rats
156 creatures vanquished.

Vanquished Creatures (collateral kills)
  Menkaure (D:5)
  A sky beast (D:6)
  A slave (D:5)
  A phantom (D:6)
  A centaur (D:5)
  2 water moccasin skeletons
  A crimson imp (D:5)
  An orc priest (D:8)
  2 orc wizards (D:4)
  2 hound skeletons
  Robin (D:4)
  2 adders (D:2)
  2 worms
  3 orcs
  A goblin (D:4)
  A hobgoblin (D:2)
  A jackal (D:5)
  A kobold (D:2)
25 creatures vanquished.

Vanquished Creatures (others)
  A knight (D:5)
1 creature vanquished.

Grand Total: 182 creatures vanquished

Notes
Turn   | Place    | Note
-------+----------+-------------------------------------------
     0 | D:1      | dvd the Octopode Venom Mage began the quest for the Orb.
     0 | D:1      | Reached XP level 1. HP: 11/11 MP: 3/3
    44 | D:1      | Reached skill level 5 in Poison Magic
   248 | D:1      | Reached XP level 2. HP: 17/17 MP: 3/5
   699 | D:1      | Reached XP level 3. HP: 21/21 MP: 2/6
  1527 | D:2      | Found a hazy altar of Hepliaklqana.
  1530 | D:2      | Found a snail-covered altar of Cheibriados.
  1530 | D:2      | Found a hide-covered altar of Uskayaw.
  1533 | D:2      | Reached skill level 1 in Conjurations
  1537 | D:2      | Found a shattered altar of Ashenzari.
  1599 | D:2      | Became a worshipper of Hepliaklqana
  1692 | D:2      | Reached XP level 4. HP: 18/24 MP: 0/7
  1890 | D:2      | Learned a level 4 spell: Olgreb's Toxic Radiance
  2016 | D:2      | Found a blossoming altar of Fedhas.
  2028 | D:2      | Found a shadowy altar of Dithmenos.
  2770 | D:2      | Reached * piety under Hepliaklqana
  2853 | D:2      | Reached XP level 5. HP: 28/28 MP: 9/9
  3032 | D:3      | Reached skill level 6 in Poison Magic
  3779 | D:4      | Reached ** piety under Hepliaklqana
  3780 | D:4      | Remembered your ancestor Tlalli as a knight
  3967 | D:4      | Reached XP level 6. HP: 15/33 MP: 5/10
  4163 | D:4      | Reached skill level 1 in Short Blades
  4208 | D:4      | Noticed Blork the orc
  4287 | D:4      | Noticed Robin
  4294 | D:4      | Killed Robin
  4462 | D:4      | Killed Blork the orc
  4462 | D:4      | Reached XP level 7. HP: 23/37 MP: 1/13
  4627 | D:4      | Found Kickuse's Book Shop.
  4870 | D:5      | Entered Level 5 of the Dungeon
  4879 | D:5      | Noticed Menkaure
  5140 | D:5      | Killed Menkaure
  5140 | D:5      | Reached skill level 1 in Shields
  5166 | D:5      | Noticed Pikel
  5464 | D:5      | Killed Pikel
  5464 | D:5      | Reached skill level 1 in Fighting
  5464 | D:5      | Reached skill level 5 in Spellcasting
  5464 | D:5      | Reached skill level 7 in Poison Magic
  5464 | D:5      | Reached XP level 8. HP: 30/43 MP: 2/15
  5655 | D:5      | Reached skill level 8 in Poison Magic
  5750 | D:5      | Found a staircase to the Ecumenical Temple.
  5800 | D:5      | Found an ancient bone altar of Kikubaaqudgha.
  6031 | D:5      | Reached skill level 5 in Stealth
  6100 | Temple   | Entered the Ecumenical Temple
  6100 | Temple   | Reached *** piety under Hepliaklqana
  6568 | D:6      | Reached XP level 9. HP: 47/47 MP: 17/17
  6571 | D:6      | Found a sacrificial altar of Ru.
  6607 | D:6      | Found a white marble altar of Elyvilon.
  6650 | D:6      | Reached skill level 1 in Maces & Flails
  6676 | D:6      | Noticed Prince Ribbit
  6693 | D:6      | Killed Prince Ribbit
  7111 | D:6      | You fall through a shaft for 2 floors!
  7275 | D:8      | Found a shimmering altar of Xom.
  7286 | D:8      | Reached skill level 9 in Poison Magic
  7485 | D:7      | Reached **** piety under Hepliaklqana
  7522 | D:7      | Learned a level 5 spell: Venom Bolt
  7532 | D:7      | Noticed Charly's ghost (novice HuAs)
  7546 | D:7      | Slain by Charly's ghost

Vault maps used:
D:1:      dpeg_arrival_line_fractal, roderic_lattice_a
D:2:      fedhas_altar_3, overflow_temple_1_default, grunt_temple_overflow_open
D:3:      first_bread, guppyfry_early_lair_pool
D:4:      serial_shops, shop, uniq_robin, uniq_blork_the_orc
D:5:      overflow_temple_1_default, uniq_pikel, uniq_menkaure
D:6:      minmay_klotski, nicolae_overflow_crystal_walls, kennysheep_mini,
          uniq_prince_ribbit1
D:7:      nicolae_overflow_hidden_temple
D:8:      lemuel_crystal_altar, elyvilon_altar_4
Temple:   eino_wide_crystal_templ

Skill      XL: |  1  2  3  4  5  6  7  8  9 |
---------------+----------------------------+-----
Poison Magic   | 5 6 7 8 9 |  9.0
Conjurations   | 1 2 3 |  3.7
Stealth        | 3 4 5 |  5.5
Spellcasting   | 3 4 5 6 |  6.9
Short Blades   | 1 |  1.9
Shields        | 2 3 4 |  4.7
Fighting       | 1 |  1.8
Maces & Flails | 1 |  1.7
Dodging        | |  2.9
Unarmed Combat | |  0.2

Action                   |  1- 3 |  4- 6 |  7- 9 || total
-------------------------+-------+-------+-------++-------
Melee: Unarmed           |    34 |       |       ||    34
       Constrict         |    13 |    19 |    18 ||    50
       Tentacles         |     8 |    10 |    13 ||    31
       Dagger            |    14 |    66 |    22 ||   102
       Whip              |       |       |    65 ||    65
 Cast: Sting             |    54 |    39 |    30 ||   123
       Olgreb's Toxic Ra |       |    12 |    25 ||    37
Invok: Ancestor Identity |     1 |       |       ||     1
       Ancestor Life: Kn |       |     1 |       ||     1
       Recall Ancestor   |       |       |     4 ||     4
  Use: Scroll            |       |       |     6 ||     6
 Stab: Sleeping          |       |     8 |     6 ||    14
       Distracted        |       |     1 |     1 ||     2
  Eat: Chunk             |     2 |    13 |    12 ||    27
       Beef jerky        |       |       |     1 ||     1
Armor: Skin              |    11 |     6 |     4 ||    21
Dodge: Dodged            |    44 |    45 |    56 ||   145
